 Dungeon Crawl Stone Soup version 0.16-a0-2059-gf848859 (webtiles) character file.

1770 smajdalf the Grappler (level 9, -4/81 HPs)
             Began as a Ghoul Warper on Nov 11, 2014.
             Was an Initiate of Kikubaaqudgha.
             Slain by an ogre
             ... wielding a +0 giant spiked club
              (18 damage)
             ... on level 7 of the Dungeon.
             The game lasted 00:25:12 (8334 turns).

smajdalf the Grappler (Ghoul Warper)                Turns: 8334, Time: 00:25:13

Health: -4/81      AC:  8    Str: 15    XL:     9   Next: 7%
Magic:  6/11       EV:  9    Int: 11    God:    Kikubaaqudgha [......]
Gold:   265        SH:  0    Dex:  8    Spells: 3 memorised, 6 levels left

rFire  . . .     SeeInvis .       - Unarmed
rCold  + . .     Clarity  .     b - +1 ring mail
rNeg   + + +     SustAb   .     (no shield)
rPois  +         Gourm    .     (no helmet)
rElec  .         Spirit   .     g - +1 cloak
rCorr  .         Warding  +     (no gloves)
rMut   .         Stasis   .     (no boots)
MR     .....                    m - amulet of warding
Stlth  ..........               (no ring)
                                (no ring)

@: very slightly contaminated, rotting, not resistant to hostile enchantments,
extremely unstealthy
A: rotting body, claws 1, carnivore 3, cold resistance 1, negative energy
resistance 3, poison resistance, slow healing 1, torment resistance, unbreathing
a: Renounce Religion


You were on level 7 of the Dungeon.
You worshipped Kikubaaqudgha.
Kikubaaqudgha was noncommittal.
You were not hungry.

You visited 2 branches of the dungeon, and saw 8 of its levels.

You collected 265 gold pieces.

Inventory:

Hand weapons
 p - a +0 hand axe of electrocution
Missiles
 e - 5 tomahawks of dispersal
 h - a javelin (quivered)
 s - a throwing net
Armour
 b - a +1 ring mail (worn)
 g - a +1 cloak (worn)
Jewellery
 m - an amulet of warding (around neck)
Magical devices
 i - a wand of fireball (0)
 n - a wand of confusion (0)
 r - a wand of fireball (0)
 u - a wand of digging (6)
 v - a wand of hasting (2)
 y - a wand of disintegration (14)
Scrolls
 d - 2 scrolls of blinking
 f - a scroll of identify
 j - a scroll of enchant armour
 k - a scroll of amnesia
 o - a scroll of magic mapping {unknown}
 q - 3 scrolls of fog
Potions
 B - a potion of brilliance
Books
 c - a book of Spatial Translocations

   Spells                             Type                      Level
   *Apportation                       Translocation                1
   *Blink                             Translocation                2
   *Shroud of Golubria                Charms/Translocation         2
   Portal Projectile                  Translocation                3
   Teleport Other                     Translocation                3
   Passage of Golubria                Translocation                4
 t - Kikubaaqudgha's Reference Book on Evil
   (Kikubaaqudgha gifted it to you on level 6 of the Dungeon)

   Spells                             Type                      Level
   Animate Skeleton                   Necromancy                   1
   Pain                               Necromancy                   1
   Corpse Rot                         Necromancy                   2
   Vampiric Draining                  Necromancy                   3
   Control Undead                     Necromancy                   4
 w - a book of Minor Magic

   Spells                             Type                      Level
   Magic Dart                         Conjuration                  1
   *Blink                             Translocation                2
   Call Imp                           Summoning                    2
   Repel Missiles                     Charms/Air                   2
   Slow                               Hexes                        2
   Conjure Flame                      Conjuration/Fire             3
   Mephitic Cloud                     Conjuration/Poison/Air       3
 x - a book of Death

   Spells                             Type                      Level
   Corpse Rot                         Necromancy                   2
   Sublimation of Blood               Necromancy                   2
   Agony                              Necromancy                   5
   Dispel Undead                      Necromancy                   5
   Excruciating Wounds                Charms/Necromancy            5
   Bolt of Draining                   Conjuration/Necromancy       5
Comestibles
 a - 3 meat rations
 l - 2 slices of pizza
 z - 2 royal jellies
 A - a beef jerky


   Skills:
 - Level 8.0 Fighting
 - Level 0.8 Throwing
 - Level 0.8 Armour
 - Level 1.7 Dodging
 + Level 10.0 Unarmed Combat
 - Level 1.7 Spellcasting
 - Level 2.6 Translocations


You had 6 spell levels left.
You knew the following spells:

 Your Spells              Type           Power        Failure   Level  Hunger
a - Apportation           Tloc           #.........   14%         1    ##.....
b - Blink                 Tloc           N/A          21%         2    ###....
c - Shroud of Golubria    Chrm/Tloc      #.........   34%         2    ###....


Dungeon Overview and Level Annotations

Branches:
Dungeon (7/15)             Temple (1/1) D:5

Altars:
Ashenzari
Dithmenos
Elyvilon
Fedhas
Gozag
Kikubaaqudgha
Okawaru
Ru
Sif Muna
Trog
Vehumet
Xom
Yredelemnul
The Shining One


Innate Abilities, Weirdness & Mutations

Your body is rotting away.
You thrive on raw meat.
You have sharp fingernails.
You are carnivorous and can eat meat at any time.
Your flesh is cold resistant.
You are immune to negative energy.
Your system is resistant to poisons.
You heal slowly when monsters are visible.
You are immune to unholy pain and torment.
You can survive without breathing.


Message History

Confirm with . or Enter, or press ? or * to list all spells.
You blink.
Throwing (i - inventory. (,) - cycle):
h - 3 javelins (quivered)
Press: ? - help, Shift-Dir - straight line, f - ogre
Aim: an ogre, wielding a giant spiked club (almost dead, bleeding)
You throw a javelin. The javelin barely misses the ogre.
Throwing (i - inventory. (,) - cycle):
h - 2 javelins (quivered)
Press: ? - help, Shift-Dir - straight line, f/p - ogre
Aim: an ogre, wielding a giant spiked club (almost dead, bleeding)
You throw a javelin.
The javelin hits the ogre but does no damage.
The ogre is almost dead.
Casting: Blink
Confirm with . or Enter, or press ? or * to list all spells.
You miscast Blink.
You are very lightly contaminated with residual magic.
Nothing appears to happen.
The ogre hits you with a giant spiked club!!
You die...
Kikubaaqudgha rasps: "You have failed me!
Welcome... oblivion!"

...##.#....#.###.#
######.####.#.###.#
#.....# ###.#...#
#.##########.##.##
#....##%%÷##....#
####.##.§÷#######
#.##%(.# #..###§#
#@###.## #O###.#
#(##.## #...÷.#
##(..## #####


You could see an ogre (bleeding).

Vanquished Creatures
  Grinder (D:5)
  Eustachio (D:5)
  Edmund (D:5)
  2 ogres
  The ghost of asdu the Chopper, an average MiBe of Trog (D:3)
  Sigmund (D:6)
  Duvessa (D:6)
  Blork the orc (D:4)
  A giant frog (D:5)
  Dowan (D:6)
  A goliath beetle (D:6)
  A jelly (D:5)
  A centaur skeleton (D:4)
  Crazy Yiuf (D:2)
  5 orc priests
  2 worker ants
  An iguana (D:7)
  4 orc wizards (D:6)
  An ogre zombie (D:5)
  Ijyb (D:2)
  An ogre skeleton (D:5)
  Terence (D:2)
  A green rat (D:5)
  7 adders
  4 gnolls
  An orc zombie (D:7)
  A shadow imp (D:5)
  3 worms
  2 giant geckos
  2 oozes (D:2)
  19 orcs
  4 ball pythons
  A bat skeleton (D:5)
  2 giant cockroaches (D:3)
  16 hobgoblins
  3 quokkas
  11 bats
  5 giant newts
  4 goblins
  A hobgoblin skeleton (D:6)
  5 jackals
  9 kobolds
  An orc skeleton (D:6)
  16 rats
  A rat skeleton (D:4)
150 creatures vanquished.

Notes
Turn   | Place    | Note
--------------------------------------------------------------
     0 | D:1      | smajdalf, the Ghoul Warper, began the quest for the Orb.
     0 | D:1      | Reached XP level 1. HP: 17/17 MP: 2/2
   172 | D:1      | Reached XP level 2. HP: 19/24 MP: 3/3
   465 | D:1      | Reached skill level 3 in Unarmed Combat
  1189 | D:2      | Noticed Crazy Yiuf
  1193 | D:2      | Killed Crazy Yiuf
  1193 | D:2      | Reached skill level 4 in Unarmed Combat
  1193 | D:2      | Reached XP level 3. HP: 29/29 MP: 5/5
  1333 | D:2      | Reached XP level 4. HP: 10/35 MP: 5/5
  1536 | D:2      | Reached skill level 5 in Unarmed Combat
  1543 | D:2      | Noticed Terence
  1561 | D:2      | Killed Terence
  1869 | D:2      | Noticed Ijyb
  1889 | D:2      | Killed Ijyb
  1889 | D:2      | Reached XP level 5. HP: 34/41 MP: 6/6
  2091 | D:3      | Noticed asdu's ghost (average MiBe)
  2100 | D:3      | Killed asdu's ghost
  2100 | D:3      | Reached skill level 6 in Unarmed Combat
  2147 | D:3      | Learned a level 2 spell: Blink
  2150 | D:3      | Learned a level 2 spell: Shroud of Golubria
  2221 | D:3      | Reached XP level 6. HP: 46/48 MP: 8/8
  2264 | D:3      | Found a basalt altar of Yredelemnul.
  2322 | D:3      | Found a shattered altar of Ashenzari.
  2459 | D:3      | Noticed an ogre
  2480 | D:3      | Killed an ogre
  2480 | D:3      | Reached skill level 7 in Unarmed Combat
  3218 | D:4      | Noticed Blork the orc
  3520 | D:4      | Reached skill level 8 in Unarmed Combat
  3520 | D:4      | Reached XP level 7. HP: 43/54 MP: 8/8
  3644 | D:5      | Entered Level 5 of the Dungeon
  3790 | D:4      | Killed Blork the orc
  4321 | D:5      | Found a staircase to the Ecumenical Temple.
  4332 | Temple   | Entered the Ecumenical Temple
  4532 | Temple   | Became a worshipper of Kikubaaqudgha
  4766 | D:5      | Noticed Eustachio
  4793 | D:5      | Killed Eustachio
  4793 | D:5      | Reached skill level 5 in Fighting
  4914 | D:5      | Noticed Grinder
  4923 | D:5      | Paralysed by Grinder for 6 turns
  4966 | D:5      | Paralysed by Grinder for 7 turns
  4975 | D:5      | Killed Grinder
  4975 | D:5      | Reached XP level 8. HP: 35/69 MP: 10/10
  5075 | D:5      | Noticed Edmund
  5086 | D:5      | Killed Edmund
  5805 | D:6      | Noticed Sigmund
  6103 | D:6      | HP: 3/74 [Sigmund/puff of flame (10)]
  6108 | D:6      | Killed Sigmund
  6541 | D:6      | Found a sacrificial altar of Ru.
  6549 | D:6      | Noticed Duvessa
  6550 | D:6      | Noticed Dowan
  6856 | D:6      | Reached skill level 9 in Unarmed Combat
  7185 | D:6      | Acquired Kikubaaqudgha's first power
  7185 | D:6      | Received a gift from Kikubaaqudgha
  7186 | D:6      | Identified Kikubaaqudgha's Reference Book on Evil (Kikubaaqudgha gifted it to you on level 6 of the Dungeon)
  7467 | D:6      | Killed Dowan
  7468 | D:6      | Killed Duvessa
  7468 | D:6      | Reached XP level 9. HP: 44/81 MP: 11/11
  8123 | D:7      | Reached skill level 10 in Unarmed Combat
  8195 | D:7      | Found a radiant altar of Vehumet.
  8334 | D:7      | Slain by an ogre

Action                   |  1- 3 |  4- 6 |  7- 9 || total
-------------------------+-------+-------+-------++-------
Melee: Unarmed           |    82 |   249 |   328 ||   659
Throw: Javelin           |       |       |     4 ||     4
 Cast: Blink             |       |     1 |     5 ||     6
Evoke: Wand              |       |     2 |     2 ||     4
  Use: Potion            |     2 |     4 |     6 ||    12
       Scroll            |     4 |       |     6 ||    10
 Stab: Paralysed         |       |       |     2 ||     2
  Eat: Chunk             |    13 |    37 |    38 ||    88
